 Dungeon Crawl Stone Soup version 0.18.1-48-g4cf74bf (console) character file.

8578 Kloppie the Fighter (level 11, 0/92 HPs)
             Began as a Human Fighter on July 29, 2016.
             Was a Believer of Makhleb.
             Slain by a white ugly thing (22 damage)
             ... on level 11 of the Dungeon.
             The game lasted 00:21:08 (12116 turns).

Kloppie the Fighter (Human Fighter)                Turns: 12116, Time: 00:21:08

Health: 0/92       AC: 16    Str: 17    XL:     11   Next: 58%
Magic:  20/20      EV:  9    Int:  8    God:    Makhleb [**....]
Gold:   186        SH: 17    Dex: 19    Spells: 0 memorised, 10 levels left

rFire  . . .     SeeInvis +     a - +2 trident (protect)
rCold  . . .     Gourm    .     D - +2 ring mail of the Abyss {rElec rPois MP+9}
rNeg   . . .     Faith    .     c - +0 shield
rPois  +         Spirit   .     F - +2 hat
rElec  +         Dismiss  .     (no cloak)
rCorr  .         Reflect  +     R - +0 pair of gloves
SustAt .         Harm     .     (no boots)
MR     .....                    J - +5 amulet of reflection
Stlth  +.........               s - ring of see invisible
                                z - +3 ring of dexterity

@: not resistant to hostile enchantments, very unstealthy
A: no striking features
a: Minor Destruction, Renounce Religion


You were on level 11 of the Dungeon.
You worshipped Makhleb.
Makhleb was pleased with you.
You were not hungry.

You visited 2 branches of the dungeon, and saw 12 of its levels.

You collected 561 gold pieces.
You spent 375 gold pieces at shops.

Inventory:

Hand Weapons
 a - a +2 trident of protection (weapon)
 t - a +0 flail
Armour
 c - a +0 shield (worn)
 h - a +0 plate armour
 D - the +2 ring mail of the Abyss (worn) {rElec rPois MP+9}
   (You found it on level 7 of the Dungeon)

   It insulates you from electricity.
   It protects you from poison.
   It affects your magic capacity (+9).
 F - a +2 hat (worn)
 R - a +0 pair of gloves (worn)
Jewellery
 d - an uncursed ring of poison resistance
 e - an uncursed amulet of the gourmand
 s - a ring of see invisible (right hand)
 u - an uncursed ring of fire
 z - a +3 ring of dexterity (left hand)
 J - a +5 amulet of reflection (around neck)
Wands
 j - a wand of paralysis (18/24)
 v - a wand of enslavement (19/24)
 B - a wand of iceblast (6/15)
 C - a wand of confusion (22/48)
 E - a wand of iceblast (9/15)
 G - a wand of acid (5/15)
 H - a wand of flame (28/48)
 K - a wand of paralysis (15/24)
 L - a wand of enslavement (14/24)
Scrolls
 l - a scroll of summoning {unknown}
 x - a scroll of amnesia
 y - 5 scrolls of remove curse
 A - a scroll of blinking
 P - a scroll of vulnerability {unknown}
 S - a scroll of teleportation {unknown}
 T - a scroll of fear {unknown}
Potions
 b - a potion of magic
 g - a potion of resistance
 k - a potion of haste
 m - a potion of brilliance
 o - 3 potions of flight
 p - 3 potions of curing
 q - 2 potions of agility {unknown}
 I - a potion of heal wounds {unknown}
 M - a potion of invisibility {unknown}
 N - 2 potions of degeneration {unknown}
 Q - a potion of cancellation {unknown}
Books
 w - a book of Flames

   Spells                             Type                      Level
   a - Flame Tongue                   Conjuration/Fire             1
   b - Throw Flame                    Conjuration/Fire             2
   c - Conjure Flame                  Conjuration/Fire             3
   d - Inner Flame                    Hexes/Fire                   3
   e - Sticky Flame                   Conjuration/Fire             4
   f - Fireball                       Conjuration/Fire             5
Comestibles
 f - 12 bread rations
 i - 6 meat rations
 n - a slice of pizza
 r - 3 beef jerkies


   Skills:
 - Level 10.5 Fighting
 - Level 2.9 Maces & Flails
 + Level 10.3 Polearms
 - Level 5.1 Armour
 + Level 9.0 Shields


You had 10 spell levels left.
You didn't know any spells.

Dungeon Overview and Level Annotations

Branches:
Dungeon (11/15)            Temple (1/1) D:4
   Lair: D:8-11         Orc: D:9-12

Altars:
Ashenzari
Cheibriados
Dithmenos
Elyvilon
Fedhas
Gozag
Kikubaaqudgha
Makhleb
Nemelex Xobeh
Okawaru
Pakellas
Qazlal
Ru
Sif Muna
Trog
Vehumet
Xom
Yredelemnul
Zin
The Shining One

Shops:
D:5 %   D:8 *:%=   D:9 (


Message History

The white ugly thing is moderately wounded.
You block the white ugly thing's attack.
You barely miss the white ugly thing.
The white ugly thing is moderately wounded.
You barely miss the white ugly thing.
The white ugly thing is moderately wounded.
You block the white ugly thing's attack.
A cyclops comes into view.
The cyclops shouts!
You puncture the white ugly thing!
The white ugly thing is heavily wounded.
The white ugly thing bites you! The white ugly thing freezes you!!
* * * LOW HITPOINT WARNING * * *
You are too injured to fight recklessly!
You are too injured to fight recklessly!
You are too injured to fight recklessly!
The white ugly thing bites you.
* * * LOW HITPOINT WARNING * * *
The white ugly thing freezes you!!
You die...

##### #....
#....### #
#....#<######.#
#....#.#......#
#....#@....####
#....#.u..<+
+(..†'.†...#
#....###.....C
#.... #.......
#.... ##.####..
##### #.# # #..
###.


You could see a white ugly thing and a cyclops.

Vanquished Creatures
  Erica (D:9)
  The ghost of Dickchan the Carver, a novice NaBe of Trog (D:6)
  Joseph (D:9)
  A gargoyle (D:9)
  A troll (D:10)
  Prince Ribbit (D:7)
  A spriggan (D:10)
  10 yaks
  A hungry ghost (D:8)
  2 hippogriffs (D:8)
  A mottled dragon (D:11)
  2 ice beasts
  An orc warrior (D:8)
  2 sky beasts
  4 ogres
  2 phantoms
  A necrophage (D:7)
  7 centaurs
  A crocodile (D:10)
  A big kobold (D:7)
  Blork the orc (D:4)
  5 giant frogs
  6 scorpions
  4 wights (D:7)
  2 howler monkeys
  7 crimson imps
  A giant frog zombie (D:9)
  2 hounds
  4 giant frog skeletons
  2 quasits
  3 orc priests
  8 orc wizards
  Jessica (D:2)
  Ijyb (D:2)
  4 iguanas
  7 worker ants
  A killer bee zombie (D:6)
  A hound skeleton (D:7)
  2 hound zombies
  A worker ant zombie (D:7)
  3 gnolls (D:8)
  11 adders
  4 shadow imps
  3 worms
  32 orcs
  2 ball pythons
  6 giant cockroaches
  7 hobgoblins
  13 jackals
  28 kobolds
  2 quokkas
  10 bats
  7 giant newts
  5 goblins
  2 quokka zombies
  7 rats
247 creatures vanquished.

Vanquished Creatures (others)
  A centaur (D:8)
  An orc wizard (D:5)
  A kobold (D:7)
  A plant (D:7)
4 creatures vanquished.

Grand Total: 251 creatures vanquished

Notes
Turn   | Place    | Note
--------------------------------------------------------------
     0 | D:1      | Kloppie the Human Fighter began the quest for the Orb.
     0 | D:1      | Reached XP level 1. HP: 18/18 MP: 1/1
   208 | D:1      | Reached XP level 2. HP: 24/24 MP: 2/2
  1120 | D:2      | Reached XP level 3. HP: 16/29 MP: 3/3
  1320 | D:2      | Noticed Jessica
  1327 | D:2      | Killed Jessica
  1351 | D:2      | Reached XP level 4. HP: 31/36 MP: 4/4
  1790 | D:3      | Found a deep blue altar of Sif Muna.
  2150 | D:3      | Reached skill level 1 in Polearms
  2332 | D:3      | Reached XP level 5. HP: 40/42 MP: 5/5
  2668 | D:4      | Reached XP level 6. HP: 8/48 MP: 6/6
  2945 | D:4      | Found a staircase to the Ecumenical Temple.
  2954 | Temple   | Entered the Ecumenical Temple
  3362 | D:4      | Reached XP level 7. HP: 50/55 MP: 7/7
  3419 | D:4      | Noticed Blork the orc
  3430 | D:4      | Killed Blork the orc
  3430 | D:4      | Reached skill level 5 in Shields
  3743 | D:4      | Found an ancient bone altar of Kikubaaqudgha.
  3752 | D:4      | Reached skill level 5 in Fighting
  4063 | D:4      | Found a burning altar of Makhleb.
  4177 | D:5      | Entered Level 5 of the Dungeon
  4462 | D:5      | Found an oddly glowing altar of Pakellas.
  4490 | D:5      | Reached XP level 8. HP: 37/63 MP: 8/8
  4797 | D:5      | Found a glowing silver altar of Zin.
  5018 | D:5      | Found Xaceam's Food Shoppe.
  5101 | D:5      | Found a shimmering altar of Xom.
  5444 | D:5      | Reached skill level 5 in Polearms
  5633 | D:6      | Found a shattered altar of Ashenzari.
  6135 | D:6      | Noticed Dickchan's ghost (novice NaBe)
  6205 | D:5      | Reached XP level 9. HP: 63/71 MP: 9/9
  6251 | D:5      | Identified a scroll of acquirement
  6648 | D:6      | Killed Dickchan's ghost
  6920 | D:5      | Found a shadowy altar of Dithmenos.
  6920 | D:5      | Found a glowing golden altar of the Shining One.
  7008 | D:5      | Reached skill level 5 in Armour
  7239 | D:2      | Noticed Ijyb
  7247 | D:2      | Killed Ijyb
  7257 | D:2      | Found a faded altar to an unknown god.
  7524 | D:7      | Noticed Prince Ribbit
  7552 | D:7      | Got a scorched ring mail
  7567 | D:6      | Identified the +2 ring mail of the Abyss {rElec rPois MP+9} (You found it on level 7 of the Dungeon)
  7672 | D:7      | Killed Prince Ribbit
  7783 | D:7      | Found a shattered altar of Ashenzari.
  7883 | D:7      | Reached XP level 10. HP: 66/80 MP: 10/10
  9019 | D:8      | Found Lass's Jewellery Shoppe.
  9027 | D:8      | Bought a +5 amulet of reflection for 375 gold pieces
  9034 | D:8      | Found a stormy altar of Qazlal.
  9097 | D:8      | Found Sucup Leotze's Book Shoppe.
  9209 | D:8      | Found a white marble altar of Elyvilon.
  9261 | D:8      | Found Wousait's Food Shoppe.
  9579 | D:8      | Found Hyngiupp's Assorted Antiques.
  9580 | D:8      | Found a sacrificial altar of Ru.
  9862 | D:4      | Became a worshipper of Makhleb the Destroyer
 10135 | D:9      | Found an iron altar of Okawaru.
 10228 | D:9      | Found a sparkling altar of Nemelex Xobeh.
 10236 | D:9      | Noticed a gargoyle
 10249 | D:9      | Killed a gargoyle
 10250 | D:9      | Noticed Joseph
 10276 | D:9      | Killed Joseph
 10365 | D:9      | Noticed Erica
 10380 | D:9      | Killed Erica
 10380 | D:9      | Reached skill level 10 in Fighting
 10380 | D:9      | Reached XP level 11. HP: 47/90 MP: 11/11
 10627 | D:9      | Reached * piety under Makhleb
 10835 | D:9      | Found Afa Rov's Antique Weapon Boutique.
 11216 | D:10     | Entered Level 10 of the Dungeon
 11257 | D:10     | Reached skill level 10 in Polearms
 12102 | D:11     | Noticed a white ugly thing
 12105 | D:11     | Reached ** piety under Makhleb
 12115 | D:11     | Noticed a cyclops
 12116 | D:11     | Slain by a white ugly thing

Skill      XL: |  1  2  3  4  5  6  7  8  9 10 11 |
---------------+----------------------------------+-----
Polearms       | 1 2 4 5 7 9 10 | 10.3
Shields        | 4 5 6 7 9 |  9.0
Fighting       | 4 5 6 8 10 | 10.5
Armour         | 5 |  5.1
Maces & Flails | |  2.9

Action                   |  1- 3 |  4- 6 |  7- 9 | 10-12 || total
-------------------------+-------+-------+-------+-------++-------
Melee: Flail             |    79 |    39 |       |       ||   118
       Trident           |       |   147 |   568 |   613 ||  1328
Evoke: Wand              |       |       |     1 |       ||     1
  Use: Scroll            |       |     3 |    14 |     3 ||    20
       Potion            |       |     1 |       |     1 ||     2
  Eat: Chunk             |     1 |     7 |    21 |    14 ||    43
       Meat ration       |       |       |     1 |     1 ||     2
Armor: Scale mail        |    34 |   105 |    12 |       ||   151
       Chain mail        |       |       |   226 |       ||   226
       Ring mail         |       |       |    14 |   132 ||   146
       Skin              |       |       |       |     2 ||     2
Dodge: Dodged            |    17 |    67 |    85 |   101 ||   270
Block: Shield            |    32 |    92 |   245 |   342 ||   711
       Reflection        |       |       |       |    12 ||    12
